[Event "Team 45 45 League T39"]
[Site "Internet Chess Club"]
[Date "2008.11.22"]
[Round "5"]
[White "Esslinger"]
[Black "WilmaP"]
[Result "1-0"]
[WhiteElo "1256"]
[BlackElo "1221"]
[Opening "QGD semi-Slav: 6.Bd3"]
[ECO "D46"]
[Time "13:01:27"]
[TimeControl "2700+45"]

1. d4 d5 2. c4 e6 3. Nc3 c6 4. e3 Nf6 5. Nf3 Nbd7 6. Bd3 c5 7. cxd5 Nxd5 8. Nxd5
exd5 9. O-O Nf6 10. b3 b6 11. Bb2 Be7 12. Ne5 Be6 13. Bb5+ Nd7 14. Nc6 Qc7 15.
Nxe7 Kxe7 16. dxc5 Nf6 17. cxb6 axb6 18. a4 Bg4 19. Bxf6+ gxf6 20. Qxg4 Rhg8 21.
Qf3 Rg5 22. Rac1 Qd6 23. Rc6 Qe5 24. Rfc1 Rf5 25. Rc7+ Kf8 26. Rc8+ Rxc8 27.
Rxc8+ Kg7 28. Qg3+ Rg5 29. Qxe5 fxe5 30. Rc6 d4 31. Rxb6 dxe3 32. fxe3 e4 33. a5
Rc5 34. b4 Rc1+ 35. Bf1 Rc3 36. Kf2 Rc2+ 37. Be2 h5 38. a6 Ra2 39. b5 h4 40. Rb8
f5 41. Rb7+ Kg6 42. a7 f4 43. exf4 Ra3 44. b6 Kf5 45. Rb8 e3+ 46. Kf3 Ra4 47.
Rf8+ Ke6 48. a8=Q Rxa8 49. Rxa8 Kf5 50. b7 Kg6 51. b8=Q h3 52. Qb6+ Kh5 53. Ra5+
Kh4 54. Qh6# {Black checkmated} 1-0

[Event "Team 45 45 League T39"]
[Site "Internet Chess Club"]
[Date "2008.11.22"]
[Round "5"]
[White "littleboo"]
[Black "alaskauk"]
[Result "1-0"]
[WhiteElo "1515"]
[BlackElo "1523"]
[Opening "Four knights: Scotch, 4...exd4"]
[ECO "C47"]
[Time "14:00:17"]
[TimeControl "2700+45"]

1. e4 e5 2. Nf3 Nc6 3. Nc3 Nf6 4. d4 exd4 5. Nxd4 Be7 6. Bc4 O-O 7. Bf4 d6 8.
Nxc6 bxc6 9. Qd3 Bb7 10. Qf3 Rb8 11. O-O Qd7 12. h3 Rfd8 13. Rad1 Qc8 14. Qe2
Ba8 15. Bb3 Rd7 16. Be3 a6 17. Ba7 Rb7 18. Qxa6 c5 19. f3 c6 20. Bb6 Qb8 21. Na4
Rxb6 22. Nxb6 Ra7 23. Qc8+ Qxc8 24. Nxc8 Rd7 25. Nxe7+ Rxe7 26. Rxd6 h6 27. Rd8+
{Black resigns} 1-0

[Event "Team 45 45 League T39"]
[Site "Internet Chess Club"]
[Date "2008.11.20"]
[Round "5"]
[White "medsurg"]
[Black "Jasher"]
[Result "0-1"]
[WhiteElo "1428"]
[BlackElo "1470"]
[Opening "English: Sicilian reversed"]
[ECO "A25"]
[Time "20:00:05"]
[TimeControl "2700+45"]

1. c4 e5 2. Nc3 Nc6 3. g3 Nf6 4. Bg2 d6 5. h3 Be6 6. d3 Be7 7. Qb3 Rb8 8. Nf3
O-O 9. Qc2 d5 10. Ng5 Nd4 11. Qd2 dxc4 12. Nxe6 Nxe6 13. dxc4 Qxd2+ 14. Bxd2 c6
15. O-O Nd4 16. e3 Ne6 17. f4 exf4 18. exf4 Rbd8 19. Be3 Nc5 20. b4 Nd3 21. b5
cxb5 22. cxb5 b6 23. a4 Bb4 24. Ne4 Rfe8 25. Nxf6+ gxf6 26. Bf2 Nxf2 27. Rxf2
Bc5 28. Kf1 Bxf2 29. Kxf2 Rd2+ 30. Kf3 Rd3+ 31. Kg4 f5+ 32. Kh4 Re6 33. Kg5
Rxg3+ 34. Kxf5 {White resigns} 0-1

[Event "Team 45 45 League T39"]
[Site "Internet Chess Club"]
[Date "2008.11.22"]
[Round "5"]
[White "The-Capitalist"]
[Black "guyd52"]
[Result "0-1"]
[WhiteElo "1188"]
[BlackElo "1297"]
[Opening "Pirc: classical system, 5.Be2"]
[ECO "B08"]
[Time "06:00:23"]
[TimeControl "2700+45"]

1. e4 d6 2. d4 Nf6 3. Nc3 g6 4. Nf3 Bg7 5. Be2 O-O 6. O-O Nbd7 7. h3 e5 8. Be3
b6 9. dxe5 Nxe5 10. Nxe5 dxe5 11. Qxd8 Rxd8 12. Rfd1 Bb7 13. Bf3 a6 14. Nd5 Nxd5
15. exd5 b5 16. g4 f5 17. gxf5 gxf5 18. Bg5 Rd7 19. Rd2 h6 20. Be3 Kh7 21. Rad1
e4 22. Bg2 Bxb2 23. d6 Bc3 24. Bf4 Bxd2 25. Rxd2 cxd6 26. Rxd6 Rxd6 27. Bxd6 Rg8
28. Bg3 Rd8 29. Bf4 Rd1+ 30. Kh2 Ra1 31. f3 exf3 32. Bh1 f2 33. Bg2 Bxg2 34. Be5
Rh1+ 35. Kxg2 f1=Q+ {White resigns} 0-1

[Event "Team 45 45 League T39"]
[Site "Internet Chess Club"]
[Date "2008.11.24"]
[Round "5"]
[White "CoasterBrake"]
[Black "kjs110"]
[Result "1/2-1/2"]
[WhiteElo "1264"]
[BlackElo "1179"]
[Opening "Caro-Kann: advance variation"]
[ECO "B12"]
[Time "14:00:29"]
[TimeControl "2700+45"]

1. e4 c6 2. d4 d5 3. e5 Bf5 4. g4 Bg6 5. f4 e6 6. Nf3 Nh6 7. h3 Be7 8. g5 Nf5 9.
Rg1 O-O 10. Nc3 Bh5 11. Be2 Nd7 12. Qd3 Bg6 13. Qd2 c5 14. Bd3 cxd4 15. Nxd4 Bc5
16. Bxf5 Bxf5 17. Nce2 Bxh3 18. Rh1 Bg2 19. Rh2 Be4 20. Nc3 Bg6 21. b3 Rc8 22.
Bb2 Qa5 23. a3 Qb6 24. Na4 Qc7 25. Rc1 Bxd4 26. Bxd4 b5 27. Nb2 {Game drawn by
mutual agreement} 1/2-1/2

[Event "Team 45 45 League T39"]
[Site "Internet Chess Club"]
[Date "2008.11.25"]
[Round "5"]
[White "JimGaming"]
[Black "fuzzface"]
[Result "1-0"]
[WhiteElo "1290"]
[BlackElo "1313"]
[Opening "Sicilian: closed"]
[ECO "B23"]
[Time "14:00:16"]
[TimeControl "2700+45"]

1. e4 c5 2. Nc3 e6 3. Nf3 Nc6 4. Bb5 a6 5. Bxc6 bxc6 6. O-O d5 7. Ne5 Bb7 8. f4
g6 9. f5 Bg7 10. d4 Bxe5 11. dxe5 Qd7 12. f6 O-O-O 13. Bf4 d4 14. Na4 d3 15.
Nb6+ Kc7 16. Nxd7 Rxd7 17. cxd3 h5 18. Bg5 Nh6 19. Bxh6 Rxh6 20. Qd2 Rh8 21. Rf3
Rhd8 22. Qa5+ Kc8 23. Rd1 c4 24. Qa3 Rc7 25. Qc3 c5 26. Qxc4 Bxe4 27. Qxe4 Rd4
28. Qa8+ Kd7 29. Qxa6 Rc6 30. Qb5 Rb4 31. Qxb4 cxb4 32. b3 Rc2 33. Rf2 Rc5 34.
d4 Rb5 35. Rc2 Ra5 36. Rdc1 Ra7 37. Rd1 Ra5 38. Rdd2 Rb5 39. Rc5 Rb7 40. Rdc2
Ra7 41. Rb5 g5 42. Rxb4 Ra5 43. a4 g4 44. Rb5 Ra6 45. Rb7+ Kd8 46. Rc3 h4 47.
Rxf7 g3 48. hxg3 hxg3 49. Rfc7 Ke8 50. Rg7 Kd8 51. f7 Ke7 52. Rc7+ Kf8 53. Rg8#
{Black checkmated} 1-0

[Event "Team 45 45 League T39"]
[Site "Internet Chess Club"]
[Date "2008.11.21"]
[Round "5"]
[White "ffplayer"]
[Black "Gomer"]
[Result "0-1"]
[WhiteElo "1078"]
[BlackElo "1124"]
[Opening "QGD Slav defense"]
[ECO "D43"]
[Time "17:00:35"]
[TimeControl "2700+45"]

1. d4 d5 2. c4 c6 3. Nc3 Nf6 4. Bg5 e6 5. Nf3 h6 6. Bh4 Be7 7. Rc1 O-O 8. e3
Nbd7 9. Bd3 Qb6 10. Qc2 Re8 11. O-O Qc7 12. Bg3 Bd6 13. Bxd6 Qxd6 14. cxd5 exd5
15. Qb1 Nf8 16. Bf5 N8h7 17. Bxc8 Raxc8 18. b4 Ng5 19. Nxg5 hxg5 20. a4 Ng4 21.
g3 Qh6 22. Rfd1 Qxh2+ 23. Kf1 Qxf2# {White checkmated} 0-1

[Event "Team 45 45 League T39"]
[Site "Internet Chess Club"]
[Date "2008.11.24"]
[Round "5"]
[White "jeffk"]
[Black "klt713"]
[Result "1-0"]
[WhiteElo "1143"]
[BlackElo "1100"]
[Opening "Sicilian defense"]
[ECO "B44"]
[Time "19:00:19"]
[TimeControl "2700+45"]

1. e4 c5 2. Nf3 e6 3. d4 cxd4 4. Nxd4 Nc6 5. Bb5 Nxd4 6. Qxd4 Nf6 7. Nc3 Be7 8.
O-O O-O 9. Bf4 a6 10. Be2 d6 11. Rad1 e5 12. Bxe5 dxe5 13. Qc4 Qb6 14. b3 Be6
15. Qd3 Rad8 16. Qg3 Rxd1 17. Rxd1 Rd8 18. Qxe5 Qxf2+ 19. Kxf2 Bc5+ 20. Qxc5
Rxd1 21. Bxd1 h6 22. Bf3 b5 23. Nd5 Nxd5 24. exd5 Bf5 25. d6 g6 26. g4 Be6 27.
Qc6 Kg7 28. d7 Bxd7 29. Qxd7 Kf6 30. Bb7 {Black resigns} 1-0

[Event "Team 45 45 League T39"]
[Site "Internet Chess Club"]
[Date "2008.11.23"]
[Round "5"]
[White "QUEENCAT"]
[Black "rpgrossman"]
[Result "0-1"]
[WhiteElo "927"]
[BlackElo "1036"]
[Opening "King's knight opening"]
[ECO "C40"]
[Time "12:00:17"]
[TimeControl "2700+45"]

1. e4 e5 2. Nf3 Bd6 3. d4 exd4 4. Nxd4 Nf6 5. Bd3 Bc5 6. c3 O-O 7. b4 Bxd4 8.
cxd4 Qe7 9. Bd2 Nxe4 10. O-O Nxd2 11. Nxd2 Nc6 12. Re1 Qxb4 13. Nf3 d5 14. Bc2
Bg4 15. Qd3 Bxf3 16. Qxf3 Nxd4 17. Qd1 Rae8 18. h3 Rxe1+ 19. Qxe1 Nxc2 20. Qb1
Qxb1+ 21. Rxb1 d4 22. Rxb7 d3 23. Rxc7 Rd8 24. Rb7 d2 25. Rb1 d1=Q+ 26. Rxd1
Rxd1+ 27. Kh2 Rd2 28. f4 Ne3 29. a4 Nxg2 30. Kg3 Ra2 31. f5 Ne1 32. h4 Rxa4 33.
Kh3 a5 34. Kg3 Rc4 35. Kf2 Nd3+ 36. Ke2 Ne5 37. Kd2 a4 38. Ke3 a3 {White
resigns} 0-1

[Event "Team 45 45 League T39"]
[Site "Internet Chess Club"]
[Date "2008.11.22"]
[Round "5"]
[White "arconia"]
[Black "DaMelch"]
[Result "1-0"]
[WhiteElo "1297"]
[BlackElo "1205"]
[Opening "French: advance, Paulsen attack"]
[ECO "C02"]
[Time "20:00:16"]
[TimeControl "2700+45"]

1. e4 e6 2. d4 d5 3. e5 c5 4. c3 Nc6 5. Nf3 Qb6 6. Be2 Nh6 7. O-O Nf5 8. Nbd2
cxd4 9. Nb3 dxc3 10. bxc3 Be7 11. Nfd4 Nfxd4 12. cxd4 O-O 13. Be3 Bd7 14. Rb1
Qc7 {Black resigns} 1-0

[Event "Team 45 45 League T39"]
[Site "Internet Chess Club"]
[Date "2008.11.24"]
[Round "5"]
[White "blkmagic"]
[Black "kidcobra"]
[Result "0-1"]
[WhiteElo "1248"]
[BlackElo "1250"]
[Opening "Sicilian: Canal-Sokolsky attack, 3...Bd7"]
[ECO "B52"]
[Time "13:50:09"]
[TimeControl "2700+45"]

1. e4 c5 2. Nf3 d6 3. Bb5+ Bd7 4. Bxd7+ Nxd7 5. O-O e6 6. d4 cxd4 7. Qxd4 Ngf6
8. Bg5 Be7 9. Re1 e5 10. Qa4 O-O 11. Nc3 Nb6 12. Qb3 h6 13. Bxf6 Bxf6 14. Nd5
Nxd5 15. Qxd5 Qb6 16. b3 Qc6 17. Qxc6 bxc6 18. c4 Rfe8 19. Rac1 c5 20. Red1 Rad8
21. Rb1 a5 22. a3 Rb8 23. Rxd6 a4 24. Nd2 Bg5 25. Nf3 axb3 26. Rc6 b2 27. Rxc5
Rb3 28. Rb5 Rb8 29. Rxb8+ Rxb8 30. c5 Rb3 31. c6 Rxa3 32. c7 Rc3 33. Rxb2 Rc1+
34. Ne1 Rxe1# {White checkmated} 0-1

[Event "Team 45 45 League T39"]
[Site "Internet Chess Club"]
[Date "2008.11.23"]
[Round "5"]
[White "Duck-Man"]
[Black "farbror"]
[Result "1/2-1/2"]
[WhiteElo "1238"]
[BlackElo "1182"]
[Opening "Scandinavian (center counter) defense"]
[ECO "B01"]
[Time "14:07:44"]
[TimeControl "2700+45"]

1. e4 d5 2. d3 dxe4 3. Nc3 exd3 4. Bxd3 Nf6 5. Nf3 Bg4 6. Bg5 Bxf3 7. Qxf3 Nc6
8. Bb5 Qd7 9. Rd1 Qe6+ 10. Be3 Nd7 11. Qd5 Qxd5 12. Nxd5 O-O-O 13. O-O e6 14.
Nc3 Bb4 15. Bxc6 Bxc3 16. Bxd7+ Rxd7 17. bxc3 Rhd8 18. Rxd7 Rxd7 19. Rb1 b6 20.
a4 Rd5 21. c4 Ra5 22. Ra1 Kb7 23. Kf1 c6 24. Ke2 b5 25. Bd2 Rxa4 26. Rxa4 bxa4
27. Bb4 Kb6 28. c5+ Kb5 29. Ba3 Kc4 30. Kd2 f5 31. Bb2 g5 32. Bf6 g4 33. g3 Kxc5
34. Kd3 Kd5 35. Bd4 c5 36. Bb2 e5 37. c4+ Kd6 38. Ke3 Ke6 39. Ba3 Kd6 40. Bb2
Ke6 41. Ba3 Kd6 {Game drawn by mutual agreement} 1/2-1/2

[Event "Team 45 45 League T39"]
[Site "Internet Chess Club"]
[Date "2008.11.23"]
[Round "5"]
[White "MeansToAnEnd"]
[Black "bowwrestler"]
[Result "1-0"]
[WhiteElo "1111"]
[BlackElo "984"]
[Opening "Sicilian defense"]
[ECO "B20"]
[Time "16:00:10"]
[TimeControl "2700+45"]

1. e4 c5 2. Bc4 e6 3. Nc3 Nc6 4. Nf3 Nge7 5. d3 d5 6. exd5 exd5 7. Bb5 Bd7 8. a3
a6 9. Bxc6 Bxc6 10. O-O d4 11. Ne4 Bxe4 12. dxe4 b5 13. b4 Nc6 14. bxc5 Bxc5 15.
Bg5 Be7 16. Bxe7 Qxe7 17. Nxd4 Qxe4 18. Re1 Qxe1+ 19. Qxe1+ Kd7 20. Nxc6 Kxc6
21. Qe4+ Kc7 22. Qe5+ Kb7 23. Qxg7 Raf8 24. h3 Kb6 25. Rd1 f5 26. Rd6+ Ka5 27.
Qc3+ b4 28. Qxb4# {Black checkmated} 1-0

[Event "Team 45 45 League T39"]
[Site "Internet Chess Club"]
[Date "2008.11.22"]
[Round "5"]
[White "peterdiplaros"]
[Black "Toalla"]
[Result "1/2-1/2"]
[WhiteElo "1433"]
[BlackElo "1356"]
[Opening "Queen's pawn game"]
[ECO "D00"]
[Time "14:59:16"]
[TimeControl "2700+45"]

1. d4 d5 2. e3 e6 3. Bd3 c5 4. c3 Nf6 5. f4 Bd6 6. Nf3 Nc6 7. O-O Ne4 8. Nbd2 f5
9. Ne5 Qf6 10. Nxe4 dxe4 11. Be2 O-O 12. Bb5 Bxe5 13. dxe5 Qe7 14. Bc4 Bd7 15.
a3 Na5 16. Ba2 Rad8 17. Qc2 c4 18. Bd2 b5 19. b4 cxb3 20. Bxb3 Nxb3 21. Qxb3 a6
22. Rf2 Qc5 23. Rc1 Qc4 {Game drawn by mutual agreement} 1/2-1/2

[Event "Team 45 45 League T39"]
[Site "Internet Chess Club"]
[Date "2008.11.20"]
[Round "5"]
[White "GolfSuper"]
[Black "Archdruid"]
[Result "0-1"]
[WhiteElo "1584"]
[BlackElo "1740"]
[Opening "Sicilian: accelerated fianchetto, Maróczy bind, 6.Be3"]
[ECO "B38"]
[Time "19:02:48"]
[TimeControl "2700+45"]

1. e4 c5 2. Nf3 Nc6 3. d4 cxd4 4. Nxd4 g6 5. c4 Bg7 6. Be3 d6 7. Nc3 Nf6 8. Be2
O-O 9. O-O Nxd4 10. Bxd4 a5 11. e5 dxe5 12. Bxe5 Qxd1 13. Raxd1 Be6 14. b3 Rfd8
15. Bf3 Bg4 16. Bxg4 Nxg4 17. Bxg7 Kxg7 18. Rxd8 Rxd8 19. Rd1 Rxd1+ 20. Nxd1 Kf6
21. f3 Ne5 22. Nb2 Ke6 23. Kf2 Kd6 24. Ke3 Nc6 25. a3 f5 26. Nd3 b6 27. g3 e5
28. h3 Nd4 29. Nc1 Nc2+ 30. Kd3 Nxa3 31. Kc3 b5 32. Kb2 b4 33. Nd3 e4 34. fxe4
fxe4 35. Nf4 e3 36. Nd3 Ke6 37. g4 h5 38. gxh5 gxh5 39. Nf4+ Kf5 {White resigns}
0-1

[Event "Team 45 45 League T39"]
[Site "Internet Chess Club"]
[Date "2008.11.22"]
[Round "5"]
[White "Elita499"]
[Black "allanchs"]
[Result "1-0"]
[WhiteElo "1689"]
[BlackElo "1531"]
[Opening "Giuoco Piano"]
[ECO "C54"]
[Time "10:30:14"]
[TimeControl "2700+45"]

1. e4 e5 2. Nf3 Nc6 3. Bc4 Bc5 4. c3 Nf6 5. d4 exd4 6. cxd4 Bb4+ 7. Bd2 Bxd2+ 8.
Nbxd2 d5 9. exd5 Nxd5 10. Qb3 Nce7 11. O-O O-O 12. Rfe1 c6 13. a3 Qb6 14. Qxb6
axb6 15. Ne4 h6 16. Nd6 Rd8 17. Bxd5 Nxd5 18. Nxc8 Raxc8 19. Nd2 Kf8 20. Nc4 Rc7
21. Re4 Re7 22. Rxe7 Kxe7 23. Re1+ Kf8 24. f3 Re8 25. Rxe8+ Kxe8 26. Kf2 Ke7 27.
Kg3 Ke6 28. Kf2 f5 29. g3 g5 30. Ne3 Nxe3 31. Kxe3 Kd5 32. b3 c5 33. dxc5 bxc5
34. Kd3 h5 35. f4 gxf4 36. gxf4 b5 37. a4 c4+ 38. bxc4+ bxc4+ 39. Kc3 Kc5 40. h4
Kd5 41. a5 Kc5 42. a6 {Black resigns} 1-0

[Event "Team 45 45 League T39"]
[Site "Internet Chess Club"]
[Date "2008.11.20"]
[Round "5"]
[White "AngryPirate"]
[Black "OOB1"]
[Result "1/2-1/2"]
[WhiteElo "1531"]
[BlackElo "1477"]
[Opening "Sicilian: Nimzovich-Rossolimo attack (without ...d6)"]
[ECO "B30"]
[Time "22:06:12"]
[TimeControl "2700+45"]

1. e4 c5 2. Nf3 Nc6 3. Bb5 Qb6 4. Bxc6 Qxc6 5. d3 Nf6 6. Nc3 e6 7. b3 Be7 8. O-O
d6 9. Re1 e5 10. h3 Be6 11. Ng5 Qd7 12. Nxe6 Qxe6 13. Bg5 a6 14. Bxf6 Bxf6 15.
Nd5 Bd8 16. Re3 O-O 17. Rg3 f5 18. Rf3 f4 19. Kh2 Rc8 20. Qe2 g5 21. g3 fxg3+
22. Rxg3 h6 23. Rag1 Kh7 24. h4 Qf7 25. hxg5 Qxf2+ 26. Qxf2 Rxf2+ 27. R1g2 Rxg2+
28. Kxg2 Bxg5 29. c4 Rf8 30. Rf3 Rxf3 31. Kxf3 Kg6 32. Kg4 h5+ 33. Kg3 Kf7 34.
Nc3 Kg6 35. Nd1 Bf4+ 36. Kh4 Bg5+ 37. Kg3 Bf4+ {Game drawn by mutual agreement}
1/2-1/2

[Event "Team 45 45 League T39"]
[Site "Internet Chess Club"]
[Date "2008.11.25"]
[Round "5"]
[White "Fidelian"]
[Black "Rhel"]
[Result "0-1"]
[WhiteElo "1262"]
[BlackElo "1536"]
[Opening "Sicilian: closed"]
[ECO "B23"]
[Time "14:34:40"]
[TimeControl "2700+45"]

1. e4 c5 2. Nc3 g6 3. f4 Bg7 4. Nf3 Nc6 5. e5 d5 6. Bb5 e6 7. d4 Ne7 8. Be3 Bd7
9. dxc5 Nf5 10. Bf2 Qa5 11. Bxc6 Bxc6 12. Qd2 O-O 13. g4 d4 14. gxf5 dxc3 15.
bxc3 Bxf3 16. Rg1 exf5 17. h4 Rfd8 18. Bd4 Bh5 19. Rg5 Rd7 20. Qe3 Rad8 21. Kf2
Qa4 22. Rb1 {White resigns} 0-1

[Event "Team 45 45 League T39"]
[Site "Internet Chess Club"]
[Date "2008.11.23"]
[Round "5"]
[White "Traho"]
[Black "jjaillet2007"]
[Result "1/2-1/2"]
[WhiteElo "1237"]
[BlackElo "1266"]
[Opening "Réti: King's Indian attack (Barcza system)"]
[ECO "A07"]
[Time "20:00:30"]
[TimeControl "2700+45"]

1. Nf3 d5 2. g3 e6 3. Bg2 c5 4. O-O Bd6 5. d3 Nf6 6. c3 O-O 7. Re1 c4 8. d4 Nc6
9. Nbd2 Re8 10. e4 e5 11. exd5 Nxd5 12. Nxc4 Bb8 13. Nfxe5 Nxe5 14. dxe5 Be6 15.
Ne3 Nxe3 16. Bxe3 Qxd1 17. Rexd1 Bxe5 18. f4 Bc7 19. Kf2 Rad8 20. b3 Bb6 21.
Bxb6 axb6 22. Bxb7 Bg4 23. Rxd8 Rxd8 24. Re1 h5 25. Ba6 Rd2+ 26. Kg1 Rxa2 27.
Re8+ Kh7 28. Bd3+ g6 29. Re7 Be6 30. f5 gxf5 31. Bxf5+ Bxf5 32. Rxf7+ Kg6 33.
Rb7 Ra1+ 34. Kf2 Ra6 35. Rc7 b5 36. Rc5 Ra2+ 37. Kg1 Bd3 38. b4 Bc4 39. Rc6+ Kf5
40. Rc5+ Kg4 41. Re5 Re2 42. Rxe2 Bxe2 43. Kf2 Bc4 {Game drawn by mutual
agreement} 1/2-1/2

[Event "Team 45 45 League T39"]
[Site "Internet Chess Club"]
[Date "2008.11.23"]
[Round "5"]
[White "ars-felidae"]
[Black "kingsrook"]
[Result "1/2-1/2"]
[WhiteElo "1222"]
[BlackElo "1228"]
[Opening "Caro-Kann: classical variation"]
[ECO "B18"]
[Time "13:54:39"]
[TimeControl "2700+45"]

1. e4 c6 2. d4 d5 3. Nc3 dxe4 4. Nxe4 Bf5 5. Ng3 Bg6 6. Nf3 Nd7 7. Bd3 Ngf6 8.
c4 Bxd3 9. Qxd3 e6 10. O-O Be7 11. Ng5 O-O 12. N3e4 Nxe4 13. Nxe4 Nf6 14. Be3
Nxe4 15. Qxe4 Bf6 16. Rad1 Re8 17. f4 Qc7 18. Rf3 Rad8 19. f5 e5 20. d5 c5 21.
g4 h6 22. Rg3 Bg5 23. Bxg5 hxg5 24. Rh3 f6 25. Rhd3 Rd6 26. h4 {Game drawn by
mutual agreement} 1/2-1/2

[Event "Team 45 45 League T39"]
[Site "Internet Chess Club"]
[Date "2008.11.23"]
[Round "5"]
[White "Esslinger"]
[Black "squeege"]
[Result "0-1"]
[WhiteElo "1237"]
[BlackElo "1201"]
[Opening "QGD: Marshall defense"]
[ECO "D06"]
[Time "20:00:27"]
[TimeControl "2700+45"]

1. d4 d5 2. c4 Nf6 3. Nc3 Bf5 4. Nf3 e6 5. e3 Bb4 6. Qa4+ Nc6 7. Ne5 Bxc3+ 8.
bxc3 O-O 9. Nxc6 bxc6 10. Qxc6 Ne4 11. cxd5 exd5 12. Be2 Bd7 13. Qxd5 Nxc3 14.
Qf3 Rc8 15. Ba3 Re8 16. O-O Nxe2+ 17. Qxe2 Rb8 18. Rfb1 Qg5 19. Rc1 Rec8 20. Rc5
Qg6 21. Rac1 c6 22. Qc4 Bh3 23. g3 Qe4 24. f4 Qg2# {White checkmated} 0-1

[Event "Team 45 45 League T39"]
[Site "Internet Chess Club"]
[Date "2008.11.24"]
[Round "5"]
[White "Just-Jim"]
[Black "Prop"]
[Result "1-0"]
[WhiteElo "1341"]
[BlackElo "1336"]
[Opening "Two knights defense (Modern bishop's opening)"]
[ECO "C55"]
[Time "18:36:12"]
[TimeControl "2700+45"]

1. e4 e5 2. Nf3 Nc6 3. Bc4 Nf6 4. d3 Be7 5. Nc3 O-O 6. Nd5 Nxd5 7. Bxd5 Bf6 8.
Bxc6 bxc6 9. Be3 d5 10. h3 Qe7 11. O-O Rd8 12. Qc1 Ba6 13. Re1 d4 14. Bd2 c5 15.
c3 Bxd3 16. cxd4 cxd4 17. a3 c5 18. Bg5 h6 19. Bxf6 Qxf6 20. Qxc5 Re8 21. Rad1
Ba6 22. Nh2 Bb7 23. Qc2 Rac8 24. Qe2 Rc6 25. Ng4 Qe6 26. Qf3 f6 27. Qg3 Kf7 28.
Rd3 Rec8 29. f4 Rc1 30. fxe5 h5 31. Nh2 Rxe1+ 32. Qxe1 Qxe5 33. Qd1 Qxe4 34.
Qxh5+ Ke7 35. Rg3 Qe1+ 36. Nf1 Rc1 37. Rxg7+ Ke6 38. Qe8+ Kf5 39. Qxe1 Rxe1 40.
Rxb7 Rb1 41. Kf2 Ke4 42. Nd2+ Kd3 43. Nxb1 Kc2 44. Rd7 d3 45. Ke3 Kxb1 46. Kxd3
Kxb2 47. Rxa7 f5 48. h4 {Black resigns} 1-0

[Event "Team 45 45 League T39"]
[Site "Internet Chess Club"]
[Date "2008.11.24"]
[Round "5"]
[White "Graybeard"]
[Black "reverendjim"]
[Result "1/2-1/2"]
[WhiteElo "1197"]
[BlackElo "1224"]
[Opening "Caro-Kann: Steinitz variation"]
[ECO "B17"]
[Time "19:03:20"]
[TimeControl "2700+45"]

1. e4 c6 2. d4 d5 3. Nc3 dxe4 4. Nxe4 Nd7 5. Bc4 Ngf6 6. Nxf6+ Nxf6 7. Nf3 Bf5
8. Ne5 e6 9. O-O Be7 10. c3 O-O 11. Bg5 h6 12. Bh4 Qc7 13. Bd3 Bxd3 14. Qxd3 Nd5
15. Bxe7 Qxe7 16. c4 Nf4 17. Qe3 Qg5 18. g3 Nh3+ 19. Kg2 Qf5 20. Qf3 Qxf3+ 21.
Nxf3 Ng5 22. Nxg5 hxg5 23. Rae1 Rad8 24. Re4 Rd6 25. Rd1 Rfd8 26. c5 f5 27. cxd6
fxe4 28. Re1 Rxd6 29. Rxe4 Kf7 30. Kf3 Rd5 31. a4 a5 32. b3 b5 33. Ke2 b4 34.
Kd3 Kf6 35. f3 c5 36. Kc4 cxd4 37. Rxd4 Re5 38. Rd3 Kf5 39. h3 g6 40. Rd4 Re3
41. g4+ Ke5 42. Rd3 Kf4 43. Rxe3 Kxe3 44. Kb5 e5 45. Kxa5 Kxf3 46. Kb5 e4 47. a5
e3 48. a6 e2 49. a7 e1=Q 50. a8=Q+ Kg3 51. Qd5 Qf1+ 52. Kxb4 Qf4+ 53. Kc5 Kxh3
54. Qe6 Qxg4 55. Qxg6 Qc8+ 56. Kd4 Qd7+ 57. Ke3 Qg4 58. Qf6 Qg1+ 59. Kd2 g4 60.
b4 Qb1 61. Qc3+ g3 62. Ke3 Qg1+ 63. Kf4 Qf2+ 64. Kg5 Qb6 65. Kf5 Qf2+ 66. Kg5
Qb6 67. Kf5 Qf2+ 68. Ke4 Qe2+ 69. Kf4 Qf2+ 70. Kg5 Qb6 {Game drawn by
repetition} 1/2-1/2

[Event "Team 45 45 League T39"]
[Site "Internet Chess Club"]
[Date "2008.11.23"]
[Round "5"]
[White "chips"]
[Black "jocooper"]
[Result "1-0"]
[WhiteElo "1240"]
[BlackElo "1173"]
[Opening "Polish (Sokolsky) opening"]
[ECO "A00"]
[Time "16:02:04"]
[TimeControl "2700+45"]

1. b4 Nf6 2. Bb2 g6 3. Bxf6 exf6 4. a3 Bg7 5. c3 O-O 6. Nf3 d6 7. d4 f5 8. e3
Nd7 9. Bb5 Nf6 10. O-O c6 11. Ba4 Be6 12. Nbd2 Nd5 13. Qc1 b5 14. Bb3 Rc8 15.
Bxd5 Bxd5 16. a4 a6 17. axb5 cxb5 18. Rxa6 Qc7 19. Ra3 Ra8 20. Rxa8 Rxa8 21. Qb2
Ra2 22. Qc1 Ra6 23. Ng5 Qc6 24. Ngf3 Qc8 25. Re1 Rc6 26. Nb1 Be4 27. Nfd2 Bd5
28. f3 Bh6 29. e4 fxe4 30. fxe4 Bc4 31. Qb2 Qg4 32. Nxc4 bxc4 33. Qe2 Qg5 34.
Na3 d5 35. e5 Rb6 36. Qf3 Qd2 37. Rf1 Rb7 38. Nxc4 Be3+ 39. Kh1 Qd3 40. Nxe3 Rd7
41. e6 Re7 42. Nxd5 Qxf3 43. Rxf3 Rxe6 44. h3 f5 45. Re3 Kf7 46. Rxe6 Kxe6 47.
Nc7+ Kd7 48. Nd5 Kd6 49. Nf4 Kc6 50. Kg1 Kd6 51. Kf2 Kc6 52. Ke3 Kd6 53. Kd3 Kc6
54. Kc4 g5 55. d5+ Kd6 56. Ne6 h6 57. b5 f4 58. b6 Kd7 59. Kc5 Kc8 60. Kc6 h5
61. d6 g4 62. hxg4 hxg4 63. Nxf4 g3 64. Nh5 Kd8 65. Nxg3 Kc8 66. Ne4 Kb8 67. g4
Kc8 68. g5 Kd8 69. g6 {Black resigns} 1-0

[Event "Team 45 45 League T39"]
[Site "Internet Chess Club"]
[Date "2008.11.21"]
[Round "5"]
[White "SugarIslander"]
[Black "PJ"]
[Result "0-1"]
[WhiteElo "1641"]
[BlackElo "1805"]
[Opening "Scotch gambit: Dubois-Réti defense"]
[ECO "C55"]
[Time "14:01:54"]
[TimeControl "2700+45"]

1. e4 e5 2. Nf3 Nc6 3. Bc4 Nf6 4. d4 exd4 5. e5 d5 6. Bb5 Ne4 7. Nxd4 Bd7 8. O-O
Bc5 9. Nxc6 bxc6 10. Bd3 O-O 11. Nd2 Nxd2 12. Bxd2 Qe7 13. Bf4 Qh4 14. Bg3 Qg4
15. Qd2 Bb6 16. c3 a5 17. b3 Rae8 18. Rfe1 h5 19. h3 Qxg3 20. a3 Rxe5 21. c4
Rxe1+ 22. Rxe1 Bxf2+ 23. Qxf2 Qxd3 24. Re3 Qd4 25. Kh2 dxc4 26. bxc4 Be6 27. Qf3
Qd6+ 28. Kh1 Bxc4 29. Qxh5 Bd5 30. a4 Rb8 31. Re1 Qg3 32. Qe2 Qxh3+ 33. Kg1 Qg3
34. Qd2 Qb3 35. Qg5 Qc3 36. Qh4 Qd3 37. Kh1 Qh7 38. Qxh7+ Kxh7 39. Re7 Rb4 40.
Rxc7 Rxa4 41. Ra7 Ra2 42. Ra8 Bxg2+ 43. Kg1 Bd5 44. Ra7 a4 45. Re7 a3 46. Kf1
Rb2 47. Re1 a2 48. Kg1 Rb1 49. Kh2 Rxe1 50. Kh3 Re4 51. Kh2 a1=Q 52. Kg3 {White
resigns} 0-1

[Event "Team 45 45 League T39"]
[Site "Internet Chess Club"]
[Date "2008.11.22"]
[Round "5"]
[White "nanning"]
[Black "oldsj"]
[Result "1/2-1/2"]
[WhiteElo "1598"]
[BlackElo "1588"]
[Opening "King's Indian: fianchetto, classical variation"]
[ECO "E67"]
[Time "10:00:38"]
[TimeControl "2700+45"]

1. d4 Nf6 2. c4 g6 3. Nc3 Bg7 4. Nf3 d6 5. g3 O-O 6. Bg2 Nbd7 7. O-O e5 8. dxe5
Nxe5 9. Nxe5 dxe5 10. Nd5 c6 11. Nxf6+ Qxf6 12. e4 Be6 13. Qe2 Rad8 14. Be3 a6
15. a4 Qe7 16. c5 Rd7 17. b4 Rfd8 18. Rfd1 Rxd1+ 19. Rxd1 Rxd1+ 20. Qxd1 Bc4 21.
Bh3 Be6 {Game drawn by mutual agreement} 1/2-1/2

[Event "Team 45 45 League T39"]
[Site "Internet Chess Club"]
[Date "2008.11.23"]
[Round "5"]
[White "sra66"]
[Black "medsurg"]
[Result "1-0"]
[WhiteElo "1645"]
[BlackElo "1421"]
[Opening "QGD semi-Slav: Meran, 8...a6"]
[ECO "D48"]
[Time "19:22:57"]
[TimeControl "2700+45"]

1. d4 d5 2. c4 c6 3. Nf3 Nf6 4. Nc3 e6 5. e3 Nbd7 6. Bd3 dxc4 7. Bxc4 b5 8. Bd3
a6 9. O-O c5 10. dxc5 Nxc5 11. Bc2 Bb7 12. Qe2 Qc7 13. e4 e5 14. Bg5 b4 15. Bxf6
gxf6 16. Nd5 Bxd5 17. exd5 Bd6 18. Rac1 Qa5 19. Qc4 Qb5 20. Qh4 Ke7 21. Rfe1 Nd7
22. Nd4 Qxd5 23. Nf5+ Kd8 24. Rcd1 Qc5 25. Nxd6 Kc7 26. Be4 {Black resigns} 1-0